 Dungeon Crawl Stone Soup version 0.21.1-1-g345015fe64 (webtiles) character file.

19957 Freyura the Basher (level 12, -4/108 HPs)
             Began as a Minotaur Fighter on June 6, 2018.
             Was a Follower of Ashenzari.
             Killed from afar by an ice statue (19 damage)
             ... with a bolt of cold
             ... in an ice cave on June 7, 2018.
             The game lasted 00:42:45 (9338 turns).

Freyura the Basher (Minotaur Fighter)               Turns: 9338, Time: 00:42:45

Health: -4/108     AC: 21    Str: 20    XL:     12   Next: 41%
Magic:  11/11      EV: 11    Int:  5    God:    Ashenzari [*.....]
Gold:   555        SH: 18    Dex: 19    Spells: 11/11 levels left

rFire    . . .     SeeInvis .   a - +1 flail
rCold    . . .     Gourm    .   c - +0 shield (curse)
rNeg     . . .     Faith    .   p - +0 plate armour
rPois    +         Spirit   .   i - +1 hat
rElec    .         Reflect  +   q - +0 cloak {rPois}
rCorr    .         Harm     .   b - +0 pair of gloves
MR       +....                  k - +1 pair of boots
Stlth    ..........             n - +5 amulet of reflection
HPRegen  0.28/turn              w - ring of protection from magic
MPRegen  0.12/turn              x - +3 ring of dexterity

@: no status effects
A: retaliatory headbutt, horns 2
a: Curse Item, Scrying, Renounce Religion


You were in an ice cave.
You worshipped Ashenzari.
Ashenzari was aware of your devotion.
You were not hungry.

You visited 2 branches of the dungeon, and saw 12 of its levels.
You also visited: Ice Cave.

You collected 607 gold pieces.
You spent 52 gold pieces at shops.

Inventory:

Hand Weapons
 a - a +1 flail (weapon)
Armour
 b - a +0 pair of gloves (worn)
 c - a cursed +0 shield (worn)
 g - a +0 cloak
 i - a +1 hat (worn)
 k - a +1 pair of boots (worn)
 p - a +0 plate armour (worn)
 q - a +0 cloak of poison resistance (worn)
Jewellery
 n - a +5 amulet of reflection (around neck)
 w - a ring of protection from magic (left hand)
 x - a +3 ring of dexterity (right hand)
Wands
 t - a wand of paralysis (41)
 E - a wand of random effects (47)
 F - a wand of iceblast (10)
 H - a wand of disintegration (13)
Scrolls
 h - a scroll of fear {unknown}
 j - a scroll of remove curse
 l - 5 scrolls of teleportation
 o - 3 scrolls of noise {unknown}
 r - 6 scrolls of enchant weapon
 u - 4 scrolls of fog
 y - a scroll of enchant armour {unknown}
 A - a scroll of magic mapping {unknown}
 C - a scroll of summoning {unknown}
 D - a scroll of brand weapon {unknown}
 G - a scroll of identify
 I - a scroll of blinking {unknown}
Potions
 d - a potion of might
 e - a potion of berserk rage
 m - 3 potions of haste
 s - a potion of agility
 v - 3 potions of curing
 z - a potion of ambrosia
 B - a potion of flight
Comestibles
 f - 16 rations


   Skills:
 + Level 10.8 Fighting
 * Level 14.1 Maces & Flails
 + Level 10.8 Armour
 + Level 9.2 Dodging
 + Level 10.7 Shields


You had 11 spell levels left.
You didn't know any spells.

Dungeon Overview and Level Annotations

Branches:
Dungeon (11/15)            Temple (1/1) D:5            Lair (0/6) D:8
    Orc: D:9-12

Altars:
Ashenzari
Cheibriados
Dithmenos
Elyvilon
Fedhas
Gozag
Hepliaklqana
Kikubaaqudgha
Makhleb
Nemelex Xobeh
Okawaru
Qazlal
Ru
Sif Muna
Trog
Uskayaw
Vehumet
Wu Jian
Xom
Yredelemnul
Zin
The Shining One

Shops:
D:4 [   D:7 *   D:9 !

Annotations:
IceCv exclusion: ice statue


Innate Abilities, Weirdness & Mutations

You reflexively headbutt those who attack you in melee.
You have a pair of horns on your head.


Message History

You block the ice beast's attack.
You hit the ice statue but do no damage.
The ice statue is moderately damaged.
The ice statue gestures at you. The bolt of cold misses you.
The ice beast hits you but does no damage.
You hit the ice statue but do no damage.
You headbutt the ice statue!
The ice statue is moderately damaged.
The ice statue gestures at you. The freezing blast misses you.
You sock the ice statue!
You headbutt the ice statue, but do no damage.
The ice statue is heavily damaged.
You are engulfed in freezing vapours.
* * * LOW HITPOINT WARNING * * *
You block the ice beast's attack. The ice statue gestures at you.
The bolt of cold hits you!
You die...

## #.#
..#
##.§##
#Y8..##
##@§§..#
#§§§#..#
##§.##
.# #..##
#.##
#.##
##§#
##.#
#..#


You could see an ice statue and an ice beast.

Vanquished Creatures
  Gastronok (D:10)
  Fannar (D:10)
  A hydra (D:10)
  4 two-headed ogres (D:8)
  The ghost of sjiht001 the Archer, a novice MiHu of Qazlal (D:6)
  A centaur zombie (D:11)
  Maurice (D:10)
  Psyche (D:9)
  10 polar bears (IceCv)
  2 trolls (D:9)
  A slime creature (D:7)
  2 hippogriffs
  2 dream sheep (D:10)
  15 yaks
  A wyvern (D:9)
  A hungry ghost (D:7)
  Grum (D:9)
  3 orc warriors
  3 phantoms
  11 ice beasts
  4 sky beasts
  A black bear (D:8)
  5 ogres
  7 centaurs
  18 wolves
  3 big kobolds (D:10)
  2 bullfrogs
  A scorpion (D:9)
  A water moccasin skeleton (D:5)
  6 killer bees (D:8)
  5 wights (D:9)
  6 crimson imps
  2 quasits (D:9)
  3 orc priests
  A hound (D:8)
  7 jellies
  7 orc wizards
  5 bullfrog skeletons
  3 iguanas
  Terence (D:3)
  15 worker ants
  A worker ant zombie (D:9)
  14 adders
  4 gnolls (D:6)
  A howler monkey skeleton (D:5)
  15 oozes
  An adder skeleton (D:5)
  6 worms
  2 dart slugs
  5 leopard geckos
  21 orcs
  9 bats
  8 giant cockroaches
  6 goblins
  8 hobgoblins
  7 jackals
  2 quokkas (D:9)
  2 ball pythons
  4 frilled lizards
  A jackal zombie (D:9)
  6 kobolds
  6 rats
295 creatures vanquished.

Vanquished Creatures (others)
  A centaur (D:9)
  A wolf (IceCv)
  2 iguanas (D:5)
  An orc wizard (D:5)
  A worker ant zombie (D:5)
  2 orcs (D:5)
  A frilled lizard (D:5)
  3 fungi (D:7)
12 creatures vanquished.

Grand Total: 307 creatures vanquished

Notes
Turn   | Place    | Note
-------+----------+-------------------------------------------
     0 | D:1      | Freyura the Minotaur Fighter began the quest for the Orb.
     0 | D:1      | Reached XP level 1. HP: 19/19 MP: 0/0
   151 | D:1      | Reached XP level 2. HP: 26/27 MP: 1/1
   455 | D:2      | Reached skill level 3 in Maces & Flails
   600 | D:2      | Reached skill level 1 in Dodging
   600 | D:2      | Reached XP level 3. HP: 25/33 MP: 2/2
  1028 | D:2      | Reached XP level 4. HP: 32/40 MP: 3/3
  1395 | D:2      | Found an opulent altar of Gozag.
  1395 | D:2      | Found a blossoming altar of Fedhas.
  1536 | D:3      | Reached skill level 4 in Maces & Flails
  1826 | D:3      | Reached XP level 5. HP: 47/47 MP: 4/4
  1880 | D:3      | Noticed Terence
  1893 | D:3      | Killed Terence
  2042 | D:4      | Found Surosch's Armour Boutique.
  2422 | D:4      | Reached XP level 6. HP: 43/53 MP: 5/5
  2546 | D:4      | Reached skill level 5 in Maces & Flails
  2785 | D:5      | Entered Level 5 of the Dungeon
  2994 | D:5      | Noticed an orc warrior
  3000 | D:5      | Reached skill level 5 in Fighting
  3000 | D:5      | Reached skill level 5 in Armour
  3018 | D:5      | Killed an orc warrior
  3018 | D:5      | Reached skill level 5 in Shields
  3018 | D:5      | Reached XP level 7. HP: 19/61 MP: 2/6
  3286 | D:5      | Found a shimmering altar of Xom.
  3384 | D:5      | Reached skill level 6 in Maces & Flails
  3496 | D:5      | Found a staircase to the Ecumenical Temple.
  3501 | Temple   | Entered the Ecumenical Temple
  3780 | D:6      | Found a sacrificial altar of Ru.
  3855 | D:6      | Noticed sjiht001's ghost (novice MiHu)
  3876 | D:6      | Killed sjiht001's ghost
  3876 | D:6      | Reached skill level 7 in Maces & Flails
  3876 | D:6      | Reached XP level 8. HP: 70/70 MP: 7/7
  3985 | D:6      | Found a bloodstained altar of Trog.
  4050 | D:6      | Reached skill level 8 in Maces & Flails
  4373 | D:6      | Found a shattered altar of Ashenzari.
  4477 | D:6      | Reached XP level 9. HP: 78/78 MP: 8/8
  4507 | D:7      | Noticed a hand axe
  4507 | D:7      | Noticed a dagger
  4509 | D:7      | Found a hide-covered altar of Uskayaw.
  4534 | D:7      | Reached skill level 5 in Dodging
  4617 | D:7      | Found Javuntul's General Store.
  4710 | D:7      | Reached skill level 9 in Maces & Flails
  5504 | D:6      | Became a worshipper of Ashenzari the Shackled
  5932 | D:8      | Reached skill level 10 in Maces & Flails
  6003 | D:8      | Found a staircase to the Lair.
  6007 | D:8      | Noticed a two-headed ogre
  6024 | D:8      | Killed a two-headed ogre
  6024 | D:8      | Reached XP level 10. HP: 69/88 MP: 6/9
  6102 | D:8      | Noticed a two-headed ogre
  6113 | D:8      | Killed a two-headed ogre
  6129 | D:8      | Noticed a two-headed ogre
  6139 | D:8      | Killed a two-headed ogre
  6139 | D:8      | Reached skill level 11 in Maces & Flails
  6370 | D:8      | Noticed a two-headed ogre
  6381 | D:8      | Killed a two-headed ogre
  6861 | D:9      | Noticed Grum
  6888 | D:9      | Killed Grum
  7020 | D:9      | Reached XP level 11. HP: 97/97 MP: 10/10
  7081 | D:9      | Found a glowing silver altar of Zin.
  7217 | D:9      | Reached skill level 12 in Maces & Flails
  7353 | D:9      | Reached * piety under Ashenzari
  7357 | D:9      | Found Ofoditruikim's Distillery.
  7377 | D:9      | Bought a potion of agility for 52 gold pieces
  7428 | D:9      | Noticed Psyche
  7444 | D:9      | Killed Psyche
  7692 | D:10     | Entered Level 10 of the Dungeon
  7766 | D:10     | Noticed Gastronok
  7782 | D:10     | Killed Gastronok
  7916 | D:10     | Noticed Fannar
  7934 | D:10     | Killed Fannar
  7971 | D:10     | Noticed Maurice
  7976 | D:10     | Killed Maurice
  8151 | D:10     | Reached skill level 13 in Maces & Flails
  8163 | D:10     | Reached skill level 10 in Armour
  8168 | D:10     | Reached skill level 10 in Fighting
  8172 | D:10     | Reached skill level 10 in Shields
  8194 | D:10     | Noticed a three-headed hydra
  8206 | D:10     | Killed a three-headed hydra
  8431 | D:11     | Found a frozen archway.
  8520 | IceCv    | Entered an ice cave
  8539 | IceCv    | Reached XP level 12. HP: 99/106 MP: 11/11
  9094 | IceCv    | Reached skill level 14 in Maces & Flails
  9338 | IceCv    | Killed from afar by an ice statue

Skill      XL: |  1  2  3  4  5  6  7  8  9 10 11 12 |
---------------+-------------------------------------+-----
Maces & Flails | 3 4 5 7 8 10 11 13 14 | 14.1
Dodging        | 1 2 4 6 7 8 9 |  9.2
Armour         | 4 5 6 8 9 10 | 10.8
Fighting       | 4 5 6 8 9 10 | 10.8
Shields        | 4 5 6 8 9 10 | 10.7

Action                   |  1- 3 |  4- 6 |  7- 9 | 10-12 || total
-------------------------+-------+-------+-------+-------++-------
Melee: Flail             |    88 |   174 |   338 |   662 ||  1262
       Headbutt          |    11 |    32 |    85 |   194 ||   322
Invok: Curse Item        |       |       |     1 |       ||     1
  Use: Scroll            |     2 |       |     1 |    11 ||    14
       Potion            |       |       |     3 |     2 ||     5
  Eat: Ration            |       |     2 |     4 |     4 ||    10
Armor: Scale mail        |    20 |       |       |       ||    20
       Plate armour      |    25 |    94 |   133 |   195 ||   447
Dodge: Dodged            |    18 |    35 |    52 |   149 ||   254
Block: Shield            |    35 |    87 |   161 |   514 ||   797
       Reflection        |       |       |       |    16 ||    16
